 Dungeon Crawl Stone Soup version 0.29.1 (webtiles) character file.

Game seed: 11131369722133077208

114 qw the Chopper (level 4, 0/38 (39) HPs)
             Began as a Minotaur Berserker on Sept 13, 2022.
             Was a Believer of Trog.
             Succumbed to an orc's poison
             ... on level 3 of the Dungeon.
             The game lasted 00:00:43 (2446 turns).

qw the Chopper (Minotaur Berserker)                 Turns: 2446, Time: 00:00:43

HP:   0/38 (39)     AC:  9    Str: 29    XL:     4   Next: 66%
MP:   3/3           EV:  9    Int:  3    God:    Trog [**....]
Gold: 51            SH:  0    Dex: 13    Spells: 3/3 levels left

rFire   . . .      SeeInvis .   Y - +0 hand axe
rCold   . . .      Faith    .   (no shield)
rNeg    . . .      Spirit   .   c - +0 chain mail
rPois   .          Reflect  .   (helmet restricted)
rElec   .          Harm     .   e - +0 cloak
rCorr   .          Rampage  .   (no gloves)
Will    .....                   (no boots)
Stlth   ..........              (no amulet)
HPRegen 0.12/turn               f - +6 ring of strength
MPRegen 0.08/turn               (no ring)

@: lethally poisoned (0 -> -3), on berserk cooldown, slowed, lightly drained,
very slow
A: horns 2, retaliatory headbutt, agile 1, mutation resistance 1
a: Renounce Religion, Berserk, Trog's Hand


You were on level 3 of the Dungeon.
You worshipped Trog.
Trog was pleased with you.
You visited 1 branch of the dungeon, and saw 3 of its levels.

You collected 51 gold pieces.


Innate Abilities, Weirdness & Mutations

You have a pair of horns on your head.
You reflexively headbutt those who attack you in melee.
You are agile. (Dex +4, Str/Int -1)
You are somewhat resistant to further mutation.


   Skills:
 - Level 3.6 Fighting
 + Level 6.6 Axes
 - Level 2.4 Armour
 - Level 2.1 Dodging


You had 3 spell levels left.
You didn't know any spells.
Your spell library was empty.

Inventory:

Hand Weapons
 g - a +0 whip
 Y - a +0 hand axe (weapon)
Armour
 c - a +0 chain mail (worn)
 e - a +0 cloak (worn)
Jewellery
 f - a +6 ring of strength (left hand)
Potions
 d - 2 potions of curing
 h - a potion of experience {unknown}
 i - a potion of brilliance {unknown}
 j - a potion of heal wounds
 k - a potion of lignification {unknown}
 n - a potion of invisibility {unknown}

Dungeon Overview and Level Annotations

Branches:
Dungeon (3/15)

Altars:


Message History

You are more poisoned.
A rat comes into view.
You hit the orc.
The orc is severely wounded.
You feel very sick.
The orc hits you with a +1 trident of venom.
You are more poisoned.
You closely miss the orc.
The orc is severely wounded.
You feel very sick. The orc hits you but does no damage.
You are lethally poisoned!
You slash the orc!
You kill the orc!
Trog accepts your kill.
You feel extremely sick.
2437 ||| FLEEEEING.
You feel very sick.
2438 ||| INVOKING Berserk.
A red film seems to cover your vision as you go berserk!
You feel yourself moving faster!
You feel mighty!
You feel very sick. The rat barely misses you.
You slash the rat!
You kill the rat!
Trog accepts your kill.
You feel sick.
You feel sick.
There is an open door here.
You feel a strong urge to attack something.
You feel sick.
You feel sick.
You feel your anger nearly subside.
You are no longer berserk.
You are exhausted.
You feel yourself slow down.
You feel sick.
You feel very sick.
There is an open door here.
You see here a +0 short sword.
You feel sick.
You die...

#.#####.######.
#..............
#.#####'#######
#.##........#
#.##........# #
#.##........#
#.#..)........#
#.#..#........#
#.#@.##########
#...####
#...##<#
#......#
#......#
#...##.#
#...##.#
#......#
...######


There were no monsters in sight!

Vanquished Creatures
  Jessica (D:2)
  Robin (D:2)
  2 adders (D:2)
  2 worms (D:2)
  A dart slug (D:1)
  2 orcs (D:3)
  3 ball pythons
  5 endoplasms
  A giant cockroach (D:1)
  11 goblins
  5 hobgoblins
  3 frilled lizards (D:1)
  6 kobolds
  4 rats
47 creatures vanquished.

Notes
Turn   | Place    | Note
-------+----------+-------------------------------------------
     0 | D:1      | qw the Minotaur Berserker began the quest for the Orb.
     0 | D:1      | Reached XP level 1. HP: 19/19 MP: 0/0
     0 | D:1      | 0 ||| qw: Version: 0.1-a-119-g272c26d
     0 | D:1      | 0 ||| qw: Game counter: 11301
     0 | D:1      | 0 ||| qw: Always use a shield: true
     0 | D:1      | 0 ||| qw: Do Orc after D:15 true
     0 | D:1      | 0 ||| qw: Do second Lair branch before Depths: true
     0 | D:1      | 0 ||| qw: Lair rune preference: random
     0 | D:1      | 0 ||| qw: Plans: Normal
     0 | D:1      | 0 ||| PLANNING D:1-11
   136 | D:1      | Reached skill level 4 in Axes
   309 | D:1      | Reached XP level 2. HP: 17/26 MP: 1/1
   385 | D:1      | 385 ||| Stepping ~*~*~tactically~*~*~ (stealth).
   389 | D:1      | 389 ||| Stepping ~*~*~tactically~*~*~ (stealth).
   398 | D:1      | 398 ||| Stepping ~*~*~tactically~*~*~ (stealth).
   550 | D:1      | 550 ||| Stepping ~*~*~tactically~*~*~ (stealth).
   552 | D:1      | 552 ||| Stepping ~*~*~tactically~*~*~ (stealth).
   553 | D:1      | 553 ||| Stepping ~*~*~tactically~*~*~ (stealth).
   556 | D:1      | 556 ||| Stepping ~*~*~tactically~*~*~ (stealth).
   560 | D:1      | 560 ||| Stepping ~*~*~tactically~*~*~ (stealth).
   634 | D:1      | 634 ||| Stepping ~*~*~tactically~*~*~ (stealth).
   637 | D:1      | 637 ||| Stepping ~*~*~tactically~*~*~ (stealth).
   638 | D:1      | 638 ||| Stepping ~*~*~tactically~*~*~ (stealth).
   639 | D:1      | 639 ||| Stepping ~*~*~tactically~*~*~ (stealth).
   641 | D:1      | 641 ||| Stepping ~*~*~tactically~*~*~ (stealth).
   694 | D:1      | Found Hesin's Distillery.
  1106 | D:1      | 1106 ||| Stepping ~*~*~tactically~*~*~ (hiding).
  1114 | D:1      | Reached skill level 5 in Axes
  1180 | D:1      | Found a faded altar of an unknown god.
  1181 | D:1      | 1181 ||| UPGRADING to +0 cloak.
  1186 | D:1      | 1186 ||| UPGRADING to +6 ring of strength.
  1187 | D:1      | 1187 ||| READING scroll labelled FUSAC KEAZIEDU.
  1188 | D:1      | 1188 ||| DRINKING 2 puce potions.
  1258 | D:2      | 1258 ||| INVOKING Berserk.
  1260 | D:2      | Reached XP level 3. HP: 31/31 MP: 2/2
  1453 | D:2      | 1453 ||| INVOKING Berserk.
  1521 | D:2      | 1521 ||| Stepping ~*~*~tactically~*~*~ (stealth).
  1522 | D:2      | 1522 ||| Stepping ~*~*~tactically~*~*~ (stealth).
  1528 | D:2      | 1528 ||| Stepping ~*~*~tactically~*~*~ (stealth).
  1682 | D:2      | Noticed Robin
  1683 | D:2      | 1683 ||| Stepping ~*~*~tactically~*~*~ (stealth).
  1684 | D:2      | 1684 ||| Stepping ~*~*~tactically~*~*~ (stealth).
  1687 | D:2      | 1687 ||| INVOKING Berserk.
  1691 | D:2      | Killed Robin
  1694 | D:2      | Reached XP level 4. HP: 39/39 MP: 3/3
  1695 | D:2      | Reached skill level 6 in Axes
  1950 | D:2      | Noticed Jessica
  1956 | D:2      | Killed Jessica
  2085 | D:2      | Reached ** piety under Trog
  2385 | D:2      | 2385 ||| UPGRADING to +0 chain mail.
  2395 | D:2      | 2395 ||| DROPPING +0 animal skin.
  2396 | D:2      | 2396 ||| READING scroll labelled PEAKKOI UTAN.
  2397 | D:2      | 2397 ||| READING scroll labelled MEOCZU YWAEM.
  2400 | D:2      | 2400 ||| DRINKING 2 fizzy brown potions.
  2401 | D:2      | 2401 ||| DRINKING 2 clear potions.
  2401 | D:2      | Gained mutation: Armour fits poorly on your strangely
                  | shaped body. [potion of mutation]
  2401 | D:2      | Gained mutation: You are strong-willed. (Will+) [potion of
                  | mutation]
  2401 | D:2      | Gained mutation: Your natural rate of healing is unusually
                  | fast. [potion of mutation]
  2402 | D:2      | 2402 ||| DRINKING potion of mutation.
  2402 | D:2      | Lost mutation: You are strong-willed. (Will+) [potion of
                  | mutation]
  2402 | D:2      | Lost mutation: Armour fits poorly on your strangely shaped
                  | body. [potion of mutation]
  2402 | D:2      | Lost mutation: Your natural rate of healing is unusually
                  | fast. [potion of mutation]
  2402 | D:2      | Gained mutation: You are agile. (Dex +4, Str/Int -1)
                  | [potion of mutation]
  2402 | D:2      | Gained mutation: You are somewhat resistant to further
                  | mutation. [potion of mutation]
  2437 | D:3      | 2437 ||| FLEEEEING.
  2438 | D:3      | 2438 ||| INVOKING Berserk.
  2440 | D:3      | HP: 13/57 [poisoned by an orc]
  2443 | D:3      | HP: 6/38 [poisoned by an orc]
  2445 | D:3      | HP: 2/38 [poisoned by an orc]
  2446 | D:3      | Succumbed to an orc's poison

Levels and vault maps discovered:
D:1:      dpeg_arrival_orchard, layout_basic,
          hellmonk_ecumenical_altar_defaced_shrine, serial_shops, shop_fountains
D:2:      layout_loops_ring, uniq_crazy_yiuf_cottage, uniq_jessica, uniq_robin
D:3:      layout_basic, ebering_ghost_sewer_d, uniq_terence

Skill      XL: |  1  2  3  4 |
---------------+-------------+-----
Axes           | 4 5 6 |  6.6
Fighting       | |  3.6
Armour         | |  2.4
Dodging        | |  2.1

Action                   |  1- 3 |  4- 6 || total
-------------------------+-------+-------++-------
Melee: Hand axe          |    77 |    19 ||    96
       Headbutt          |     8 |       ||     8
       Punch             |     1 |       ||     1
Invok: Berserk           |     3 |     1 ||     4
  Use: Potion            |     1 |     3 ||     4
       Scroll            |     1 |     2 ||     3
Armor: Animal skin       |    10 |     2 ||    12
       Chain mail        |       |     3 ||     3
Dodge: Dodged            |    36 |     4 ||    40

Table legend:
 A = Non-vault XP
 B = Vault XP
 C = Vault XP percentage of total XP
 D = Non-vault monster count
 E = Vault monster count
 F = Vault count percentage of total count
                 A         B        C        D         E       F
            +---------+---------+-------+---------+---------+-------
      Total |      85 |      78 |  47.9 |      32 |      15 |  31.9
            +---------+---------+-------+---------+---------+-------
        D:1 |      32 |       6 |  15.8 |      20 |       2 |   9.1
        D:2 |      46 |      72 |  61.0 |       9 |      13 |  59.1
        D:3 |       7 |       0 |   0.0 |       3 |       0 |   0.0
            +---------+---------+-------+---------+---------+-------
